 Dungeon Crawl Stone Soup version 0.31.0-12-g77e489cdc1 (webtiles) character file.

Game seed: 1877777688234003028

1759 nocore the Reanimator (level 8, -12/54 (60) HPs)
             Began as a Demonspawn Necromancer on Feb 14, 2024.
             Was a Priest of Lugonu.
             Killed by divine providence
             ... invoked by an orc priest
              (15 damage)
             ... on level 8 of the Dungeon on Feb 18, 2024.
             The game lasted 00:22:34 (7070 turns).

nocore the Reanimator (Demonspawn Necromancer)      Turns: 7070, Time: 00:22:35

HP:   -12/54 (60)   AC:  7    Str: 15    XL:     8   Next: 79%
MP:   10/12         EV: 17    Int: 16    God:    Lugonu [***...]
Gold: 404           SH:  0    Dex: 15    Spells: 0/13 levels left

rFire   + + +        G - +2 spear of the Candelabrum {drain, *Corrode rF++ Str+6}
rCold   . . .        (no shield)
rNeg    . . .        E - +0 troll leather armour
rPois   .            (helmet restricted)
rElec   .            (no cloak)
rCorr   .            h - +0 pair of gloves
SInv    .            n - +0 pair of boots
Will    +....        f - amulet of the acrobat
Stlth   ++           v - ring of willpower
HPRegen 1.09/turn    (no ring)
MPRegen 0.13/turn

%: corrode self (3%), acrobat
@: agile, animating dead, heavily drained
A: horns 2, molten scales 1, powered by pain 1, demonic magic 1, claws 1, fire
resistance 1, sense surroundings 1, noise suppression
a: Renounce Religion, Depart the Abyss, Banish


You were on level 8 of the Dungeon.
You worshipped Lugonu.
Lugonu was most pleased with you.
You visited 1 branch of the dungeon, and saw 8 of its levels.

You collected 460 gold pieces.
You spent 56 gold pieces at shops.

Inventory:

Hand Weapons
 a - a +4 morningstar
 G - the +2 spear of the Candelabrum (weapon) {drain, *Corrode rF++ Str+6}
   (You found it on level 7 of the Dungeon)

   Str+6:     It affects your strength (+6).
   rF++:      It greatly protects you from fire.
   *Corrode:  It may corrode you when you take damage.
Armour
 d - a +0 kite shield
 h - a +0 pair of gloves (worn)
 n - a +0 pair of boots (worn)
 x - a +0 buckler
 C - +0 steam dragon scales
 E - a +0 troll leather armour (worn)
Jewellery
 f - an amulet of the acrobat (around neck)
 v - a ring of willpower (left hand)
Wands
 l - a wand of flame (7)
 t - a wand of digging (4)
 D - a wand of mindburst (35)
 F - a wand of iceblast (11)
Scrolls
 e - a scroll of vulnerability
 g - 2 scrolls of blinking
 k - a scroll of enchant weapon
 m - a scroll of fog
 s - a scroll of teleportation
 u - a scroll of noise {unknown}
 w - a scroll of fear {unknown}
 y - 2 scrolls of immolation
Potions
 b - 2 potions of magic
 c - a potion of enlightenment
 i - 2 potions of mutation
 o - a potion of attraction
 p - 3 potions of lignification
 r - a potion of might
 A - a potion of curing


   Skills:
 - Level 4.2 Fighting
 - Level 4.2 Maces & Flails
 - Level 2.0 Dodging
 - Level 2.0 Stealth
 - Level 3.0 Spellcasting
 + Level 10.3 Necromancy
 - Level 2.0 Invocations


You couldn't memorise any spells.
You knew the following spells:

 Your Spells              Type           Power      Damage    Failure   Level
a - Necrotise             Necr           100%       1d9       1%          1
b - Vampiric Draining     Necr           35%        2d8       1%          3
c - Animate Dead          Necr           35%        N/A       3%          4
d - Kiss of Death         Conj/Necr      76%        2d11      2%          1
e - Dispel Undead         Necr           35%        3d15      3%          4

Your spell library contained the following spells:

 Spells                   Type           Power      Damage    Failure   Level
 Curse of Agony           Necr           35%        N/A       9%          5
 Confusing Touch          Hex            2%         N/A       56%         3
 Borgnjor's Vile Clutch   Necr/Erth      9%         N/A       58%         5
 Brom's Barrelling Bould  Conj/Erth      2%         2d3       92%         4
 Alistair's Intoxication  Alch           1%         N/A       99%         5
 Yara's Violent Unravell  Hex/Alch       1%         3d3       99%         5
 Eringya's Noxious Bog    Alch           1%         4d6       100%        6
 Orb of Destruction       Conj           1%         9d5       100%        7


Dungeon Overview and Level Annotations

Branches:
Dungeon (8/15)             Temple (0/1) D:5
   Lair: D:8-11

Altars:
Dithmenos
Fedhas
Sif Muna
Vehumet
Wu Jian
Lugonu

Shops:
D:2 *

Annotations:
D:5 3 runed translucent doors, Silvore's ghost, novice DsFi


Innate Abilities, Weirdness & Mutations

You have a pair of horns on your head.
You are partially covered in molten scales. (AC +2)
You sometimes gain a little power by taking damage.
Spells you cast may paralyse adjacent enemies.
You have sharp fingernails.
Your flesh is heat resistant. (rF+)
You passively map a small area around you.
You passively dampen the noise of your surroundings.


Message History

You reach to attack!
You hit the orc. You drain the orc.
You kill the orc!
Lugonu accepts your kill.
The dead are walking!
You reach to attack!
You hit the orc priest. You drain the orc priest.
The orc priest is moderately wounded.
The orc priest mumbles some strange prayers to Beogh against you.
Beogh smites you!
You hit the orc priest. Your headbutt misses the orc priest.
The orc priest is heavily wounded.
The orc priest misses you.
Your orc zombie closely misses the orc priest.
You closely miss the orc priest. You headbutt the orc priest!
You kill the orc priest!
Lugonu accepts your kill.
The dead are walking!
You barely miss the orc. The orc misses you.
The orc priest invokes the aid of Beogh against you.
Beogh smites you!
Your orc zombie barely misses the orc priest.
The orc priest mumbles some strange prayers to Beogh against you.
Beogh smites you! The orc hits you but does no damage.
You are too injured to fight recklessly!
You hit the orc.
The orc is heavily wounded.
Your orc priest zombie hits the orc priest but does no damage.
Your orc zombie barely misses the orc priest.
The orc completely misses you.
The orc priest calls down the wrath of Beogh upon you.
Beogh smites you!
* * * LOW HITPOINT WARNING * * *
You barely miss the orc.
The orc is heavily wounded.
Your orc priest zombie hits the orc priest.
The orc hits you with a +0 hand axe.
* * * LOW HITPOINT WARNING * * *
Your orc zombie hits the orc priest.
The orc priest invokes the aid of Beogh against you.
Beogh smites you!
You die...

######## #....... ,
#.###### * #...####
,...################.#...
....Zoo@!.........#.....
,....Z###########........
**##. *####......##....
,, #............... ,
..........####.#
..........####.# ,
................ , *
#..........##.#
*##....<.......#


You could see an orc priest, an orc (ally target), a friendly orc zombie and a
friendly orc priest zombie.

Vanquished Creatures
  A troll (D:7)
  Menkaure (D:5)
  A steam dragon (D:6)
  A sky beast (D:7)
  A black bear (D:5)
  Blork the orc (D:4)
  5 wights (D:7)
  A hound (D:5)
  4 orc priests
  A gnoll bouda (D:6)
  3 sleepcaps
  3 orc wizards
  4 iguanas
  12 gnolls
  6 adders
  A shadow imp (D:7)
  3 white imps
  7 ufetubi
  2 dart slugs
  19 orcs
  4 endoplasms (D:1)
  4 giant cockroaches
  7 goblins
  3 hobgoblins
  5 quokkas
  5 ball pythons
  5 bats
  2 frilled lizards (D:1)
  3 kobolds
  3 rats
118 creatures vanquished.

Vanquished Creatures (collateral kills)
  A dart slug (D:2)
  2 orcs (D:6)
3 creatures vanquished.

Vanquished Creatures (others)
  A shadow imp (D:6)
  5 orc zombies
  2 iguana zombies
  6 gnoll zombies
14 creatures vanquished.

Grand Total: 135 creatures vanquished

Notes
Turn   | Place    | Note
-------+----------+-------------------------------------------
     0 | D:1      | nocore the Demonspawn Necromancer began the quest for the
                  | Orb.
     0 | D:1      | Reached XP level 1. HP: 13/13 MP: 3/3
   353 | D:1      | Gained mutation: Spells you cast may paralyse adjacent
                  | enemies. [demonic ancestry]
   353 | D:1      | Reached XP level 2. HP: 19/19 MP: 0/5
  1082 | D:2      | Reached skill level 5 in Necromancy
  1162 | D:2      | Gained mutation: You are partially covered in molten
                  | scales. (AC +2) [demonic ancestry]
  1162 | D:2      | Reached XP level 3. HP: 24/24 MP: 4/6
  1475 | D:2      | Found a faded altar of an unknown god.
  1483 | D:2      | Prayed at the altar of an unknown god.
  1483 | D:2      | Became a worshipper of Lugonu the Unformed
  1483 | D:2      | Reached * piety under Lugonu
  1504 | D:2      | Found Anoru's General Store.
  1513 | D:2      | Bought a scroll of fog for 56 gold pieces
  1732 | D:3      | Gained mutation: You have a pair of small horns on your
                  | head. [demonic ancestry]
  1732 | D:3      | Reached XP level 4. HP: 30/30 MP: 6/8
  1817 | D:3      | Learned a level 3 spell: Vampiric Draining
  1988 | D:3      | Found a shimmering blue altar of Sif Muna.
  2099 | D:3      | Reached skill level 6 in Necromancy
  2212 | D:3      | Found a radiant altar of Vehumet.
  2622 | D:4      | Noticed Blork the orc
  2633 | D:4      | Killed Blork the orc
  2634 | D:4      | Reached skill level 1 in Fighting
  2634 | D:4      | Reached XP level 5. HP: 30/37 MP: 9/9
  2719 | D:4      | Gained mutation: Your flesh is heat resistant. (rF+)
                  | [potion of mutation]
  2719 | D:4      | Gained mutation: You passively map a small area around you.
                  | [potion of mutation]
  2719 | D:4      | Gained mutation: You passively dampen the noise of your
                  | surroundings. [potion of mutation]
  2719 | D:4      | Gained mutation: You have sharp fingernails. [potion of
                  | mutation]
  2898 | D:4      | You fall into a shaft and drop 3 floors!
  2948 | D:5      | Entered Level 5 of the Dungeon
  3029 | D:5      | Noticed Silvore's ghost (novice DsFi)
  3030 | D:5      | Noticed an ice beast
  3040 | D:5      | Identified the +1 leather armour of Raotar {Will+}
  3088 | D:5      | Reached ** piety under Lugonu
  3144 | D:5      | Identified the +1 mace of Wu Jian, Charming {flame, rC+}
  3169 | D:5      | Found a runed translucent gate.
  3169 | D:5      | Found a runed translucent gate.
  3172 | D:5      | Found a runed translucent gate.
  3185 | D:5      | Gained mutation: You sometimes gain a little power by
                  | taking damage. [demonic ancestry]
  3185 | D:5      | Reached XP level 6. HP: 14/44 MP: 8/10
  3321 | D:5      | HP: 2/44 [ufetubus (2)]
  3327 | D:5      | Reached skill level 7 in Necromancy
  3615 | D:5      | Found a staircase to the Ecumenical Temple.
  3646 | D:5      | Noticed Menkaure
  3650 | D:5      | Killed Menkaure
  3864 | D:5      | Reached skill level 8 in Necromancy
  3864 | D:5      | Reached XP level 7. HP: 49/52 MP: 2/11
  4589 | D:5      | Learned a level 4 spell: Animate Dead
  5132 | D:6      | Noticed a steam dragon
  5156 | D:6      | Killed a steam dragon
  5157 | D:6      | Reached skill level 9 in Necromancy
  5494 | D:6      | Reached skill level 1 in Maces & Flails
  5946 | D:6      | Found a shadowy altar of Dithmenos.
  6084 | D:7      | Gained mutation: You have a pair of horns on your head.
                  | [demonic ancestry]
  6084 | D:7      | Reached XP level 8. HP: 58/60 MP: 9/12
  6110 | D:7      | Noticed a troll
  6118 | D:7      | Killed a troll
  6286 | D:7      | Reached skill level 1 in Invocations
  6483 | D:7      | Learned a level 1 spell: Kiss of Death
  6488 | D:7      | Learned a level 4 spell: Dispel Undead
  6518 | D:7      | Found an ornate altar of the Wu Jian Council.
  6550 | D:7      | Identified the +2 spear of the Candelabrum {drain, *Corrode
                  | rF++ Str+6}
  6677 | D:7      | Reached *** piety under Lugonu
  6732 | D:7      | Reached skill level 10 in Necromancy
  6747 | D:7      | Got the Omnibus of Vitriolic Impulse
  6943 | D:7      | Found a blossoming altar of Fedhas.
  7070 | D:8      | Killed from afar by an orc priest

Illustrated notes

Levels and vault maps discovered:
D:1:      amcnicky_arrival_wind_blow, layout_basic, chequers_decorated_corner
D:2:      layout_rooms, serial_shops, nicolae_shop_tiny_glass,
          shapermc_ecumenical_altar_pompeii
D:3:      layout_loops_cross, led_sif_pool, marbit_many_paths,
          minmay_misc_feat_tower, hangedman_decor_opposing,
          kennysheep_generic_room_2
D:4:      layout_rooms, hangedman_abyss_or_decor_stagger,
          grunt_decor_mini_mirrors, uniq_blork_the_orc, uniq_ijyb
D:5:      layout_gridville, lemuel_temple_firewalk_b, gammafunk_ghost_icy,
          chequers_serial_rivers_small_a, guppyfry_early_orc_mine, uniq_menkaure
D:6:      layout_loops_corners, kennysheep_mini,
          minmay_fractal_squares_gapless_5
D:7:      layout_rooms, nicolae_overflow_hidden_temple,
          nicolae_wu_jian_wuxing_cycle, grunt_ministairs_1
D:8:      layout_rooms, lemuel_crystal_altar, mainiacjoe_overflow_chevrons,
          uniq_gastronok

Skill      XL: |  1  2  3  4  5  6  7  8 |
---------------+-------------------------+-----
Stealth        | 2 |  2.0
Dodging        | 2 |  2.0
Necromancy     | 5 6 8 9 10 | 10.3
Spellcasting   | 3 |  3.0
Fighting       | 1 2 3 4 |  4.2
Maces & Flails | 1 4 |  4.2
Invocations    | 2 |  2.0

Action                     |  1- 3 |  4- 6 |  7- 9 || total
---------------------------+-------+-------+-------++-------
  Melee: Unarmed           |    11 |       |       ||    11
         Dagger            |    19 |       |       ||    19
         Spear             |    12 |    69 |    57 ||   138
         Headbutt          |       |    11 |    29 ||    40
         Punch             |       |     1 |     3 ||     4
         Halberd           |       |    11 |       ||    11
         Mace              |       |    44 |   116 ||   160
         Morningstar       |       |       |     8 ||     8
   Cast: Necrotise         |    51 |    32 |    14 ||    97
         Vampiric Draining |       |     4 |     4 ||     8
         Animate Dead      |       |       |     9 ||     9
  Evoke: Wand              |       |    14 |       ||    14
    Use: Scroll            |       |     5 |     6 ||    11
         Potion            |       |     5 |     2 ||     7
   Stab: Sleeping          |     3 |     6 |     2 ||    11
         Paralysed         |     3 |     2 |     5 ||    10
         Distracted        |       |       |     1 ||     1
 Armour: Robe              |    23 |    30 |       ||    53
         Leather armour    |       |   103 |    85 ||   188
         Steam dragon scal |       |       |    44 ||    44
         Troll leather arm |       |       |    27 ||    27
  Dodge: Dodged            |    39 |   135 |   121 ||   295
